 Dungeon Crawl Stone Soup version 0.32-a0-484-g2eb335deba (webtiles) character file.

Game seed: 8379271699096934006

1852 mopl the Ruffian (level 9, 0/63 HPs)
             Began as a Djinni Shapeshifter on Feb 26, 2024.
             Was a Priest of Okawaru.
             Slain by a wight
             ... wielding a +1 mace
              (5 damage)
             ... on level 6 of the Dungeon.
             The game lasted 00:08:38 (5535 turns).

mopl the Ruffian (Djinni Shapeshifter)              Turns: 5535, Time: 00:08:38

Health: 0/63       AC:  9    Str: 17    XL:     9   Next: 34%
Gold:   128        EV: 14    Int: 11    God:    Okawaru [***...] SH:  0 Dex: 14

rFire   + +          +
                       - Unarmed
rCold   x . .        (no shield)
rNeg    . . .        p - +2 leather armour {rF+}
rPois   ∞            (helmet currently unavailable)
rElec   .            (cloak currently unavailable)
rCorr   .            (gloves currently unavailable)
SInv    .            (boots unavailable)
Will    .....        (no amulet)
Stlth   +++          k - +4 ring of protection
HPRegen 0.30/turn    (no ring)
MPRegen 0.00/turn

%: infuse magic (-1 HP)
@: beast-form, heroic, flying
A: beast (slay +3), flying, sickness immunity, fire resistance 2, cold
vulnerability 1, float, innate caster, HP casting, extra vitality 1
a: Begin Untransformation, Renounce Religion, Heroism


You were on level 6 of the Dungeon.
You worshipped Okawaru.
Okawaru was most pleased with you.
You were a hulking beast.
You visited 1 branch of the dungeon, and saw 7 of its levels.

You collected 254 gold pieces.
You spent 126 gold pieces at shops.

Inventory:

Hand Weapons
 I - a +7 war axe
Missiles
 g - a throwing net
 i - 2 silver javelins (quivered)
 n - 5 javelins
 o - 32 poisoned darts
 F - 2 boomerangs
Armour
 e - a +0 pair of gloves
 l - a +1 helmet
 p - a +2 leather armour of fire resistance (worn)
 q - the +1 Delatra's gloves {ID++}
   (You found it on level 3 of the Dungeon)

   ID++:      It heals its wearer when they drink unknown potions, and restores
   their MP when they read unknown scrolls.
 D - an orb of light
Jewellery
 k - a +4 ring of protection (left hand)
Talismans
 c - a beast talisman (active)
 d - a flux talisman
Scrolls
 a - a scroll of enchant armour {unknown}
 h - a scroll of revelation {unknown}
 j - 3 scrolls of acquirement {unknown}
 r - 2 scrolls of brand weapon {unknown}
 s - 2 scrolls of teleportation {unknown}
 v - a scroll of enchant weapon {unknown}
 x - a scroll of fog {unknown}
 y - a scroll of butterflies {unknown}
 z - a scroll of noise {unknown}
 B - 2 scrolls of immolation {unknown}
 C - 2 scrolls of silence {unknown}
 E - a scroll of poison {unknown}
 H - a scroll of blinking {unknown}
Potions
 b - 2 potions of lignification {!q}
 f - 4 potions of curing {unknown}
 m - 2 potions of heal wounds
 t - 3 potions of berserk rage {!q}
 u - 3 potions of haste
 w - a potion of magic
 A - 3 potions of attraction {unknown}
 G - a potion of might


   Skills:
 + Level 4.5(9.5) Fighting
 - Level 2.1(7.1) Dodging
 * Level 7.3(12.3) Unarmed Combat
 + Level 4.3 Invocations
 * Level 6.2 Shapeshifting


You knew the following spells:

 Your Spells              Type           Power      Damage    Failure   Level
a - Summon Small Mammal   Summ           0%         N/A       38%         1
b - Static Discharge      Conj/Air       0%         3-3/arc   54%         2
c - Hailstorm             Conj/Ice       0%         3d5       77%         3
d - Inner Flame           Hex/Fire       0%         N/A       77%         3
Your spell library was empty.

Dungeon Overview and Level Annotations

Branches:
Dungeon (7/15)             Temple (0/1) D:6

Altars:
Makhleb
Nemelex Xobeh
Okawaru
Zin

Shops:
D:2 *   D:3 *   D:4 *

Annotations:
D:3 2 runed translucent doors, funaii's ghost, amateur DjHW


Innate Abilities, Weirdness & Mutations

You are a hulking beast.
Your limbs bulge with bestial killing power. (Slay +3)
You are flying.
You are immune to sickness and miasma.
You are immune to poison.
Your flesh is very heat resistant. (rF++)
You are vulnerable to cold. (rC-)
You float through the air rather than walking.
You learn spells naturally, not from books.
Your magical power is your life essence.
You have superior vitality. (+4 MHP)


Message History

The wight is lightly damaged.
The wight hits you with a +1 mace! The wight hits you with a +0 dagger.
You are too injured to fight recklessly!
You are too injured to fight recklessly!
You are too injured to fight recklessly!
You hit the wight.
The wight is moderately damaged.
The wight hits you with a +1 mace. The wight barely misses you.
You hit the wight but do no damage. You punch the wight, but do no damage.
The wight is moderately damaged.
The wight barely misses you.
You hit the wight.
The wight is severely damaged.
The wight hits you with a +0 dagger.
You hit the wight but do no damage. You punch the wight, but do no damage.
The wight is heavily damaged.
The wight hits you with a +1 mace. The wight hits you with a +0 dagger.
* * * LOW HITPOINT WARNING * * *
You punch the wight!
You destroy the wight!
Okawaru accepts your kill. The wight hits you but does no damage.
You gain the combat prowess of a mighty hero.
The wight hits you with a +1 mace.
* * * LOW HITPOINT WARNING * * *
You hit the wight but do no damage. The wight hits you with a +1 mace.
* * * LOW HITPOINT WARNING * * *
You hit the wight.
The wight is moderately damaged.
The wight barely misses you.
You barely miss the wight.
The wight is moderately damaged.
You barely miss the wight. You punch the wight, but do no damage.
The wight is moderately damaged.
The wight hits you with a +1 mace.
* * * LOW HITPOINT WARNING * * *
You completely miss the wight.
The wight is moderately damaged.
The wight hits you with a +1 mace.
You die...

#.....## #.........)
#......# #'####....#
#......# ##...##....#
#......# #..####.....
#......# #..#..#.....
#......# #.....#.....
########### ##.._.#)####
##..###...########....#.##.#
#.........)h.......#..#)#...
#...........z......####.#...
#.......................#...
##...#.....#..#...###...##..
##############<..###...##..
#..............
#............).
#..............
##...#.>.......


You could see a wight.

Vanquished Creatures
  Menkaure (D:5)
  A water moccasin (D:6)
  An ice beast (D:6)
  A black bear (D:6)
  An ogre (D:6)
  A kobold brigand (D:6)
  2 phantoms (D:5)
  3 bullfrogs
  6 wights
  4 hounds
  A jelly (D:6)
  3 orc priests
  2 sleepcaps
  3 iguanas
  3 orc wizards
  Robin (D:2)
  5 adders
  A white imp (D:6)
  2 ribbon worms
  19 orcs
  8 ball pythons
  5 endoplasms
  2 giant cockroaches
  12 goblins
  8 hobgoblins
  3 jackals (D:4)
  3 quokkas
  8 bats
  4 frilled lizards
  8 kobolds
  4 rats
126 creatures vanquished.

Notes
Turn   | Place    | Note
-------+----------+-------------------------------------------
     0 | D:1      | mopl the Djinni Shapeshifter began the quest for the Orb.
     0 | D:1      | Reached XP level 1. HP: 17/17 MP: 0/0
   330 | D:1      | Reached XP level 2. HP: 21/22 MP: 0/0
   520 | D:1      | Found a faded altar of an unknown god.
   526 | D:1      | Prayed at the altar of an unknown god.
   526 | D:1      | Became a worshipper of Warmaster Okawaru
   526 | D:1      | Reached * piety under Okawaru
   552 | D:1      | Reached skill level 3 in Shapeshifting
   791 | D:2      | Reached XP level 3. HP: 26/27 MP: 0/0
   791 | D:2      | Learned a level 1 spell: Summon Small Mammal
  1044 | D:2      | Found Mighoimm's Assorted Antiques.
  1049 | D:2      | Bought an inky potion for 19 gold pieces
  1049 | D:2      | Bought an inky potion for 19 gold pieces
  1049 | D:2      | Bought a scroll labelled KEOZXAIRUNN for 22 gold pieces
  1458 | D:3      | Reached XP level 4. HP: 32/32 MP: 0/0
  1479 | D:3      | Found the +1 Delatra's gloves {ID++}
  1604 | D:3      | Found a large runed translucent door.
  1606 | D:3      | Found a large runed translucent door.
  1608 | D:3      | Noticed funaii's ghost (amateur DjHW)
  1702 | D:3      | Found Botun's General Store.
  1747 | D:3      | Reached skill level 1 in Invocations
  1861 | D:3      | Noticed Robin
  1888 | D:2      | Killed Robin
  1943 | D:3      | Reached skill level 4 in Unarmed Combat
  1953 | D:3      | Reached XP level 5. HP: 38/38 MP: 0/0
  1953 | D:3      | Learned a level 2 spell: Static Discharge
  2309 | D:4      | Found a sparkling altar of Nemelex Xobeh.
  2526 | D:4      | Reached skill level 2 in Fighting
  2632 | D:2      | Bought a scroll labelled CIFFIT AVIFREU for 22 gold pieces
  2632 | D:2      | Bought a scroll labelled UTUIQE RAPO for 22 gold pieces
  2632 | D:2      | Bought a scroll labelled VEVYAX HOMPA for 22 gold pieces
  2697 | D:4      | Reached ** piety under Okawaru
  2698 | D:4      | Reached XP level 6. HP: 43/43 MP: 0/0
  2805 | D:4      | Found a glowing silver altar of Zin.
  2806 | D:4      | Found Zin's Purification Station.
  2929 | D:4      | Reached skill level 4 in Shapeshifting
  3001 | D:5      | Entered Level 5 of the Dungeon
  3059 | D:5      | Reached skill level 2 in Invocations
  3082 | D:5      | Reached skill level 5 in Unarmed Combat
  3082 | D:5      | Reached XP level 7. HP: 48/49 MP: 0/0
  3082 | D:5      | Learned a level 3 spell: Hailstorm
  3278 | D:5      | Found an iron altar of Okawaru.
  3542 | D:5      | Reached skill level 3 in Fighting
  3647 | D:5      | Noticed Menkaure
  3657 | D:5      | Killed Menkaure
  3658 | D:5      | Reached XP level 8. HP: 9/56 MP: 0/0
  3955 | D:6      | Reached skill level 3 in Invocations
  3974 | D:6      | Reached skill level 5 in Shapeshifting
  4103 | D:6      | Reached skill level 6 in Unarmed Combat
  4231 | D:6      | Reached *** piety under Okawaru
  4775 | D:6      | Reached skill level 4 in Fighting
  4787 | D:6      | Found a staircase to the Ecumenical Temple.
  4799 | D:6      | Reached XP level 9. HP: 57/62 MP: 0/0
  4799 | D:6      | Learned a level 3 spell: Inner Flame
  4810 | D:6      | Found a burning altar of Makhleb.
  4910 | D:6      | Reached skill level 4 in Invocations
  5073 | D:5      | Reached skill level 7 in Unarmed Combat
  5228 | D:6      | Reached skill level 6 in Shapeshifting
  5535 | D:6      | Slain by a wight

Illustrated notes

Levels and vault maps discovered:
D:1:      kilobyte_arrival_exit_the_forest, layout_rooms,
          chequers_ecumenical_altar_grove
D:2:      layout_loops_ring, serial_shops, shop
D:3:      layout_loops_cross, serial_shops, shop, ebering_ghost_disaster_area,
          uniq_robin
D:4:      layout_loops_ring, zin_purify, mainiacjoe_overflow_small_starburst
D:5:      layout_basic, kennysheep_okawaru_gauntlet, uniq_menkaure
D:6:      layout_gridville, mainiacjoe_overflow_alcove_1,
          minmay_temple_entry_proselytizer, nrook_mini_vaults, nicolae_tricolors
D:7:      layout_cave_pools, sigmund_edmund_badplayer, uniq_prince_ribbit1

Skill      XL: |  1  2  3  4  5  6  7  8  9 |
---------------+----------------------------+-----
Shapeshifting  | 3 4 5 6 |  6.2
Invocations    | 1 2 3 4 |  4.3
Unarmed Combat | 4 5 6 7 |  7.3
Fighting       | 2 3 4 |  4.5
Dodging        | |  2.1

Action                     |  1- 3 |  4- 6 |  7- 9 || total
---------------------------+-------+-------+-------++-------
  Melee: Unarmed           |   101 |   224 |   207 ||   532
         Punch             |     2 |     4 |    12 ||    18
         War axe           |       |       |     4 ||     4
 Invoke: Heroism           |       |       |     2 ||     2
    Use: Scroll            |       |     4 |     1 ||     5
         Potion            |       |       |     1 ||     1
   Stab: Sleeping          |     2 |     1 |       ||     3
 Armour: Animal skin       |    41 |       |       ||    41
         Leather armour    |       |   121 |   130 ||   251
         Skin              |       |       |     3 ||     3
  Dodge: Dodged            |    78 |    90 |   118 ||   286

Table legend: (Time is in decaauts)
 A = Elapsed time spent in this place.
 B = Non-inter-level travel time spent in this place.
 C = Inter-level travel time spent in this place.
 D = Time resting spent in this place.
 E = Time spent auto-exploring this place.
 F = Levels seen in this place.
 G = Mean time per level.
                   A        B        C        D        E       F      G
               +--------+--------+--------+--------+--------+-----+--------+
         Total |   5490 |   5080 |    410 |    902 |   2961 |   7 |  784.3 |
       Dungeon |   5490 |   5080 |    410 |    902 |   2961 |   7 |  784.3 |
               +--------+--------+--------+--------+--------+-----+--------+

Top non-repeatable levels by time:
     D:6: 1446 daAuts
     D:5: 957 daAuts
     D:3: 777 daAuts
     D:4: 772 daAuts
     D:1: 728 daAuts
     D:2: 702 daAuts
     D:7: 106 daAuts
